 Dungeon Crawl Stone Soup version 0.16.0-17-g811c1d7 (webtiles) character file.

1663 serseaman the Covered (level 9, -3/68 HPs)
             Began as a Human Berserker on Mar 20, 2015.
             Was an Initiate of the Shining One.
             Slain by a polar bear (6 damage)
             ... created by the rage of Trog
             ... on level 5 of the Dungeon.
             The game lasted 00:55:12 (4254 turns).

serseaman the Covered (Human Berserker)             Turns: 4254, Time: 00:55:15

Health: -3/68      AC: 20    Str: 25    XL:     9   Next: 20%
Magic:  9/9        EV:  8    Int:  7    God:    the Shining One [......]
Gold:   326        SH: 10    Dex: 13    Spells: 0 memorised, 8 levels left

rFire  . . .     SeeInvis .     O - +9 flail (protect)
rCold  . . .     Clarity  .     r - +1 chain mail
rNeg   . . .     SustAb   .     F - +0 shield
rPois  .         Gourm    .     (no helmet)
rElec  .         Spirit   .     s - +0 cloak
rCorr  .         Warding  .     b - +0 pair of gloves
rMut   .         Stasis   .     H - +0 pair of boots
MR     .....                    (no amulet)
Stlth  ..........               G - ring of flight
                                e - +4 ring of strength

@: not resistant to hostile enchantments, extremely unstealthy
A: no striking features
a: Renounce Religion, Evoke Flight


You were on level 5 of the Dungeon.
You worshipped the Shining One.
The Shining One was noncommittal.
You were not hungry.

You visited 1 branch of the dungeon, and saw 6 of its levels.

You collected 326 gold pieces.

Inventory:

Hand weapons
 c - a +0 dagger
 d - a +0 hand crossbow
 J - a +0 whip of flaming
 N - a +0 blowgun
 O - a +9 flail of protection (weapon)
 V - a +0 hand axe
 W - a +0 mace
 X - a +0 scimitar
 Z - a +0 halberd
Missiles
 a - 38 bolts
 i - 14 poisoned sling bullets (quivered)
 l - 6 needles of confusion
 q - 82 stones
 w - 20 arrows
 y - 18 silver bolts
 B - 11 bolts of flame
 K - 5 curare-tipped needles
 P - 18 poisoned needles
 R - 30 sling bullets
Armour
 b - a +0 pair of gloves (worn)
 r - a +1 chain mail (worn)
 s - a +0 cloak (worn)
 F - a +0 shield (worn)
 H - a +0 pair of boots (worn)
Jewellery
 e - a +4 ring of strength (left hand)
 o - an uncursed ring of flight
 G - a ring of flight (right hand)
Scrolls
 k - 5 scrolls of identify
 t - a scroll of teleportation
 v - 3 scrolls of remove curse
 A - a scroll of enchant armour
 T - a scroll of amnesia
 Y - a scroll of recharging {unknown}
Potions
 M - a potion of heal wounds {unknown}
Comestibles
 C - 2 fruits
 I - 4 bread rations
 Q - 2 meat rations


   Skills:
 + Level 5.1 Fighting
 + Level 1.7 Maces & Flails
 + Level 5.8 Polearms
 + Level 6.4 Armour
 + Level 4.7 Dodging
 + Level 0.9 Stealth
 + Level 3.9 Shields


You had 8 spell levels left.
You didn't know any spells.

Dungeon Overview and Level Annotations

Branches:
Dungeon (6/15)
 Temple: D:4-7

Altars:
Yredelemnul
The Shining One


Message History

The polar bear bites you but does no damage.
The polar bear claws you.
The polar bear claws you but does no damage.
The polar bear closely misses you.
The polar bear claws you but does no damage. x2
The polar bear bites you.
* * * LOW HITPOINT WARNING * * *
You block the polar bear's attack.
The polar bear claws you but does no damage.
The black bear completely misses you. The black bear barely misses you.
The black bear claws you but does no damage.
Drink which item? (? for menu, Esc to quit)
You feel better. The black bear barely misses you.
The black bear claws you but does no damage. x2
You block the polar bear's attack. x2
The polar bear completely misses you. The polar bear bites you!!
* * * LOW HITPOINT WARNING * * *
The polar bear claws you but does no damage. x2
The polar bear bites you.
You die...

##....##..###.## ##....# #
###..#.###....#..## #...#<# #
###...##.#####...#..###.....#
#
#...........................#
#
########.######.[.(...#.#####
#....####.>......#
####..##........##
####....#h[....##
####.....#h@h......##
#....###.#hhh.(.....#
##.>.......h..###....#
########.............
##.####...... #.# #.... #.#
.... .!. ## ...


You could see 4 polar bears and 3 black bears.

Vanquished Creatures
  Pikel (D:4)
  Grinder (D:3)
  Edmund (D:4)
  A slave (D:4)
  An ice beast (D:6)
  An orc warrior (D:6)
  A black bear (D:5)
  2 ogres (D:5)
  2 sky beasts (D:5)
  2 scorpions
  3 hounds (D:5)
  A centaur skeleton (D:5)
  An iguana (D:5)
  A worker ant (D:5)
  A hound zombie (D:5)
  A hound skeleton (D:4)
  4 gnolls (D:5)
  An adder (D:3)
  A worm (D:2)
  An adder skeleton (D:4)
  4 giant geckos
  An ooze (D:1)
  2 orcs (D:6)
  A ball python (D:5)
  11 hobgoblins
  9 jackals
  A quokka (D:6)
  9 bats
  3 giant cockroaches
  4 giant newts
  4 goblins
  A jackal zombie (D:4)
  8 kobolds
  8 rats
94 creatures vanquished.

Vanquished Creatures (others)
  A slave (D:4)
  A scorpion (D:4)
  A worker ant (D:4)
  An iguana (D:4)
  A worm (D:4)
  A goblin (D:4)
  A kobold (D:4)
7 creatures vanquished.

Grand Total: 101 creatures vanquished

Notes
Turn   | Place    | Note
--------------------------------------------------------------
     0 | D:1      | serseaman, the Human Berserker, began the quest for the Orb.
     0 | D:1      | Reached XP level 1. HP: 18/18 MP: 1/1
   348 | D:2      | Reached XP level 2. HP: 18/24 MP: 2/2
   707 | D:2      | Reached XP level 3. HP: 26/29 MP: 3/3
   928 | D:2      | Acquired Trog's second power
  1276 | D:1      | Reached XP level 4. HP: 30/35 MP: 4/4
  1665 | D:3      | Noticed Grinder
  1694 | D:3      | Killed Grinder
  1694 | D:3      | Reached skill level 4 in Polearms
  1694 | D:3      | Reached XP level 5. HP: 4/42 MP: 5/5
  1694 | D:3      | Reached XP level 6. HP: 4/48 MP: 6/6
  2333 | D:4      | Noticed a slave
  2350 | D:4      | Killed a slave
  2352 | D:4      | Noticed Pikel
  2353 | D:4      | Noticed a slave
  2354 | D:4      | Noticed a slave
  2359 | D:4      | Noticed a slave
  2392 | D:4      | Killed Pikel
  2392 | D:4      | Reached skill level 5 in Polearms
  2392 | D:4      | Reached skill level 1 in Shields
  2392 | D:4      | Reached XP level 7. HP: 41/55 MP: 7/7
  2392 | D:4      | Reached XP level 8. HP: 45/61 MP: 8/8
  3061 | D:4      | Killed a freed slave
  3080 | D:4      | Found a glowing golden altar of the Shining One.
  3093 | D:4      | Fell from the grace of Trog
  3093 | D:4      | Became a worshipper of the Shining One
  3118 | D:4      | Noticed Edmund
  3151 | D:4      | Killed Edmund
  3151 | D:4      | Reached skill level 5 in Armour
  3182 | D:4      | Found a basalt altar of Yredelemnul.
  3544 | D:5      | Entered Level 5 of the Dungeon
  3787 | D:6      | Reached skill level 5 in Fighting
  3787 | D:6      | Reached skill level 1 in Maces & Flails
  3787 | D:6      | Reached skill level 6 in Armour
  3868 | D:6      | Reached XP level 9. HP: 36/68 MP: 9/9
  4039 | D:5      | Noticed a polar bear
  4249 | D:5      | Noticed a polar bear
  4249 | D:5      | Noticed a polar bear
  4249 | D:5      | Noticed a polar bear
  4249 | D:5      | Noticed a polar bear
  4254 | D:5      | HP: 3/68 [polar bear[the rage of Trog] (21)]
  4254 | D:5      | Slain by a polar bear

Action                   |  1- 3 |  4- 6 |  7- 9 || total
-------------------------+-------+-------+-------++-------
Melee: Spear             |    68 |    68 |       ||   136
       Trident           |    31 |       |       ||    31
       Flail             |       |       |    98 ||    98
       Whip              |       |       |    44 ||    44
  Use: Scroll            |     4 |     4 |     6 ||    14
       Potion            |       |     4 |     2 ||     6
  Eat: Bread ration      |     1 |       |     1 ||     2
       Fruit             |       |     1 |       ||     1
       Beef jerky        |       |       |     1 ||     1
